 Dungeon Crawl Stone Soup version 0.31-a0-1570-g93c622d222 (webtiles) character file.

Game seed: 7042903859095443021

18268 Flugslaktarn the Thaumaturge (level 12, -3/80 (81) HPs)
             Began as an Octopode Alchemist on Jan 3, 2024.
             Was a High Priest of Vehumet.
             Shot with a bolt by a centaur warrior (11 damage)
             ... on level 9 of the Dungeon.
             The game lasted 00:18:14 (6171 turns).

Flugslaktarn the Thaumaturge (Octopode Alchemist)   Turns: 6171, Time: 00:18:15

HP:   -3/80 (81)    AC:  6    Str:  7    XL:     12   Next: 56%
MP:   3/29          EV: 15    Int: 21    God:    Vehumet [*****.]
Gold: 556           SH:  0    Dex: 14    Spells: 20/37 levels left

rFire   + . .        x - staff of conjuration
rCold   . . .        (no shield)
rNeg    . . .        (helmet restricted)
rPois   .            m - amulet of faith
rElec   .            p - +4 ring of protection
rCorr   .            f - ring of protection from fire
SInv    .            (no ring)
Will    .....        (no ring)
Stlth   +++          (no ring)
HPRegen 0.33/turn    (no ring)
MPRegen 0.21/turn    (no ring)
                     (no ring)

%: faith
@: radiating poison, lightly drained
A: almost no armour, amphibious, 8 rings, camouflage 1, gelatinous body 1,
(nimble swimmer 1), tentacles, shaggy fur 1, wild magic 1
a: Renounce Religion


You were on level 9 of the Dungeon.
You worshipped Vehumet.
Vehumet was extremely pleased with you.
You visited 3 branches of the dungeon, and saw 12 of its levels.

You collected 1017 gold pieces.
You spent 461 gold pieces at shops.

Inventory:

Hand Weapons
 a - a +2 scimitar of distortion
   (You took it off an orc warrior on level 2 of the Orcish Mines)
 c - a +0 dagger
   (You took it off a kobold on level 1 of the Dungeon)
 s - a +0 dagger of venom
   (You found it on level 5 of the Dungeon)
 y - a +3 hand axe of flaming
   (You took it off an orc on level 5 of the Dungeon)
Magical Staves
 j - a staff of earth
   (You found it on level 9 of the Dungeon)
 x - a staff of conjuration (weapon)
   (You found it on level 2 of the Dungeon)
Jewellery
 d - an amulet of guardian spirit
   (You found it on level 1 of the Dungeon)
 f - a ring of protection from fire (right tentacle)
   (You found it on level 7 of the Dungeon)
 m - an amulet of faith (around mantle)
   (You found it on level 4 of the Dungeon)
 p - a +4 ring of protection (left tentacle)
   (You bought it in a shop on level 4 of the Dungeon)
Talismans
 o - a beast talisman
   (You found it on level 5 of the Dungeon)
Wands
 g - a wand of digging (12)
   (You found it on level 2 of the Dungeon)
Scrolls
 b - 3 scrolls of vulnerability
 e - a scroll of enchant weapon
 i - a scroll of fear
 l - a scroll of poison
 r - a scroll of identify
 u - a scroll of enchant armour
 z - a scroll of blinking
 A - a scroll of noise {unknown}
Potions
 h - a potion of haste
 k - a potion of ambrosia
 n - 2 potions of berserk rage
 q - a potion of curing
 B - a potion of enlightenment {unknown}


   Skills:
 + Level 7.2 Fighting
 + Level 6.2 Dodging
 - Level 2.6 Stealth
 + Level 13.3 Spellcasting
 - Level 1.0 Conjurations
 - Level 4.0 Summonings
 - Level 6.5 Fire Magic
 - Level 9.3 Alchemy


You had 20 spell levels left.
You knew the following spells:

 Your Spells              Type           Power      Damage    Failure   Level
a - Sting                 Conj/Alch      100%       1d9       1%          1
b - Olgreb's Toxic Radia  Alch           62%        N/A       1%          4
c - Sticky Flame          Fire/Alch      57%        2d10      1%          4
d - Summon Blazeheart Go  Fire/Summ      47%        N/A       9%          4
e - Ignite Poison         Fire/Alch      57%        N/A       1%          4

Your spell library contained the following spells:

 Spells                   Type           Power      Damage    Failure   Level
 Conjure Ball Lightning   Conj/Air       15%        3x3d6     82%         6
 Magic Dart               Conj           100%       1d8       1%          1
 Summon Small Mammal      Summ           100%       N/A       1%          1
 Mercury Vapours          Alch/Air       86%        N/A       1%          2
 Mephitic Cloud           Conj/Alch/Air  53%        N/A       1%          3
 Sandblast                Erth           36%        2d10      2%          1
 Call Imp                 Summ           80%        N/A       2%          2
 Cigotuvi's Dreadful Rot  Necr/Alch/Air  70%        N/A       3%          2
 Call Canine Familiar     Summ           40%        N/A       4%          3
 Stone Arrow              Conj/Erth      62%        3d10      4%          3
 Blink                    Tloc           36%        N/A       11%         2
 Ensorcelled Hibernation  Hex/Ice        36%        N/A       11%         2
 Brom's Barrelling Bould  Conj/Erth      31%        2d5       13%         4
 Fugue of the Fallen      Necr           18%        N/A       21%         3
 Gell's Gravitas          Tloc           18%        N/A       21%         3
 Ozocubu's Armour         Ice            18%        N/A       21%         3
 Passwall                 Erth           18%        N/A       21%         3
 Teleport Other           Tloc           18%        N/A       21%         3
 Freezing Cloud           Conj/Ice/Air   15%        6-21      34%         5
 Anguish                  Hex/Necr       9%         N/A       52%         4
 Manifold Assault         Tloc           18%        N/A       52%         4
 Dispersal                Tloc           9%         N/A       100%        6


Dungeon Overview and Level Annotations

Branches:
Dungeon (9/15)             Temple (1/1) D:6             Orc (2/2) D:9
    Elf (0/3) Orc:2
   Lair: D:8-11

Altars:
Ashenzari
Cheibriados
Dithmenos
Elyvilon
Fedhas
Gozag
Hepliaklqana
Makhleb
Qazlal
Ru
Trog
Vehumet
Wu Jian
Xom
Yredelemnul
Zin
The Shining One

Shops:
D:4 =**(   D:9 :   Orc:2 *![*

Annotations:
D:4 exclusion: ogre
D:5 exclusion: water moccasin


Innate Abilities, Weirdness & Mutations

You cannot wear most types of armour.
You are amphibious.
You can wear up to eight rings at the same time.
Your skin changes colour to match your surroundings (Stealth+).
Your rubbery body absorbs attacks. (AC +1, EV +1)
((You are camouflaged when in or above water. (Stealth+)))
You have tentacles for arms and can constrict up to eight enemies at once.
You are covered in fur. (AC +1)
Your spells are a little harder to cast, but a little more powerful.


Message History

You begin to radiate toxic energy.
The steam dragon hisses angrily.
The steam dragon is poisoned.
The orc priest is poisoned.
The steam dragon breathes steam at you. The ball of steam misses you.
You hear a hideous shriek!
You hear a shout! x2; You hear a hideous shriek!
Your toxic aura wanes.
The orc priest is engulfed in a cloud of scalding steam.
The orc priest dies!
A laughing skull comes into view. x2
Press: ? - help, v - describe, . - travel
Here: a laughing skull The floor.
Okay, then.
Okay, then.
Casting: Olgreb's Toxic Radiance (mildly dangerous; 1% risk of failure)
Confirm with . or Enter, or press ? or * to list all spells.
A fiery spirit appears, bound in slag iron.
The laughing skull lets out a vicious peal of laugher.
The bolt of negative energy hits you!!
You feel drained.
Your blazeheart golem barely misses the laughing skull.
The laughing skull headbutts your blazeheart golem. x3
The laughing skull headbutts your blazeheart golem!
The laughing skull headbutts your blazeheart golem but does no damage.
Your blazeheart golem punches the laughing skull!!
The laughing skull is destroyed!
Vehumet accepts your kill.
The laughing skull lets out a vicious peal of laugher.
The bolt of negative energy hits your blazeheart golem.
Your blazeheart golem completely resists.
The bolt of negative energy misses you.
The laughing skull headbutts your blazeheart golem!
The laughing skull lets out a vicious peal of laugher.
The bolt of negative energy hits your blazeheart golem.
Your blazeheart golem completely resists.
The bolt of negative energy misses you.
Your blazeheart golem punches the laughing skull!
Your blazeheart golem falls apart, revealing its core!
The laughing skull completely misses your blazeheart core.
Your blazeheart core explodes!
The fiery explosion engulfs the laughing skull.
The laughing skull resists.
The laughing skull is engulfed in blazing flames.
You hear a croak.
Okay, then.
Casting: Summon Blazeheart Golem (dangerous; 9% risk of failure)
Confirm with . or Enter, or press ? or * to list all spells.
A fiery spirit appears, bound in slag iron.
You hear a shout!
The laughing skull is engulfed in blazing flames.
The laughing skull is engulfed in blazing flames.
You swap places.
The laughing skull headbutts your blazeheart golem.
The laughing skull headbutts your blazeheart golem!
Your blazeheart golem punches the laughing skull!!
The laughing skull is destroyed!
Vehumet accepts your kill.
You swap places.
A polar bear comes into view.
The polar bear changes into a meliai!
Casting: Summon Blazeheart Golem (dangerous; 9% risk of failure)
Confirm with . or Enter, or press ? or * to list all spells.
You begin to radiate toxic energy.
The steam dragon hisses angrily.
The steam dragon is poisoned.
The bullfrog gives a loud, deep croak!
The bullfrog is poisoned.
The meliai buzzes angrily.
The meliai is poisoned.
The meliai looks even sicker.
You hear a shout!
The bullfrog looks even sicker.
The meliai looks even sicker.
Your blazeheart golem punches the bullfrog!!
The bullfrog dies!
Vehumet accepts your kill.
Your toxic aura wanes.
Your blazeheart golem's core grows cold and it stops moving.
You kill the meliai!
Vehumet accepts your kill.
You feel your power returning. The steam dragon breathes steam at you.
The ball of steam misses you.
A centaur warrior comes into view.
It is wielding the +4 arbalest "Jablixor" {freeze, rF+ rCorr Stlth-}.
The centaur warrior shoots a bolt.
The bolt hits you!! The bolt freezes you.
* * * LOW HITPOINT WARNING * * *
You feel better. The steam dragon breathes steam at you.
The ball of steam hits you. You resist.
Casting: Olgreb's Toxic Radiance (mildly dangerous; 1% risk of failure)
Confirm with . or Enter, or press ? or * to list all spells.
You begin to radiate toxic energy.
The steam dragon is poisoned.
You kill the steam dragon!
Vehumet accepts your kill.
The steam dragon scales are intact enough to wear.
Casting: Olgreb's Toxic Radiance (mildly dangerous; 1% risk of failure)
Confirm with . or Enter, or press ? or * to list all spells.
Your toxic radiance grows in intensity.
The centaur warrior is poisoned.
The centaur warrior shoots a bolt.
The bolt hits you!!
* * * LOW HITPOINT WARNING * * *
The bolt freezes you!
You die...

...#..############.#
.................#.#
###.############...#####
....##.................###
#.#.<..###########).##...##
#.##...#...#...#..#.##.....
...#..##....#.#...#.#..# #
.8.#..#....#...#§##...#
####.##.#...#.#§@#...##
###..#.....#†.c###..>#
....##.###..#.#.#...##
....#.......)..##...#
÷..##.#####.#.##.....
...#..........##...#.#
#.##.#######.9#....#.. ..#
.......c##....###. .##
........#


You could see a centaur warrior (poisoned).

Vanquished Creatures
  3 two-headed ogres
  3 orc high priests (Orc:2)
  9 orc knights
  2 orc sorcerers (Orc:2)
  A meliai (shapeshifter) (D:9)
  4 kobold blastminers
  5 trolls (Orc:1)
  2 wyverns
  5 yaks (D:9)
  A warg (Orc:2)
  2 steam dragons
  21 orc warriors
  A black bear (D:7)
  2 sky beasts (D:5)
  4 ogres
  2 centaurs
  A kobold brigand (D:7)
  6 scorpions
  5 bullfrogs
  8 killer bees (D:8)
  2 howler monkeys (D:7)
  A vampire bat (Orc:1)
  A jelly (D:6)
  2 hounds (D:5)
  30 orc priests
  A sleepcap (D:6)
  18 orc wizards
  5 adders
  2 shadow imps
  2 ufetubi (D:5)
  46 orcs
  8 bats (Orc:1)
  3 endoplasms
  2 goblins (D:4)
  A hobgoblin (D:4)
  2 jackals (D:4)
  2 quokkas
  2 ball pythons
  A frilled lizard (D:1)
  10 kobolds
  2 rats
230 creatures vanquished.

Vanquished Creatures (collateral kills)
  2 laughing skulls (D:9)
  A bullfrog (D:9)
3 creatures vanquished.

Vanquished Creatures (others)
  A yak (D:9)
  An orc priest (D:9)
  A white imp (D:7)
  2 blazeheart cores
5 creatures vanquished.

Grand Total: 238 creatures vanquished

Notes
Turn   | Place    | Note
-------+----------+-------------------------------------------
     0 | D:1      | Flugslaktarn the Octopode Alchemist began the quest for the
                  | Orb.
     0 | D:1      | Reached XP level 1. HP: 11/11 MP: 3/3
   316 | D:2      | Reached XP level 2. HP: 17/17 MP: 1/5
   552 | D:4      | Found Pocsuoxzid's Antique Weapon Boutique.
   595 | D:4      | Found Gyqist's General Store.
   624 | D:4      | Found a white marble altar of Elyvilon.
   641 | D:4      | Found Nucopr Paki's Assorted Antiques.
   664 | D:4      | Reached XP level 3. HP: 21/21 MP: 2/6
   676 | D:4      | Noticed an ogre
   763 | D:4      | Found Joja's Jewellery Shop.
   891 | D:5      | Entered Level 5 of the Dungeon
   894 | D:5      | Noticed a sky beast
   995 | D:5      | Noticed a sky beast
  1009 | D:5      | Killed a sky beast
  1010 | D:5      | Reached skill level 3 in Spellcasting
  1010 | D:5      | Reached skill level 5 in Alchemy
  1010 | D:5      | Reached XP level 4. HP: 14/27 MP: 0/8
  1010 | D:5      | Reached XP level 5. HP: 16/31 MP: 0/9
  1022 | D:5      | Learned a level 4 spell: Olgreb's Toxic Radiance
  1129 | D:5      | Reached XP level 6. HP: 11/36 MP: 2/11
  1254 | D:5      | Found a blossoming altar of Fedhas.
  1296 | D:5      | Found a hazy altar of Hepliaklqana.
  1469 | D:5      | Noticed a water moccasin
  1492 | D:5      | Killed a sky beast
  1493 | D:5      | Reached skill level 4 in Spellcasting
  1669 | D:5      | Reached XP level 7. HP: 37/41 MP: 10/13
  1703 | D:6      | Found a staircase to the Ecumenical Temple.
  1712 | Temple   | Found a transporter.
  1712 | Temple   | Found a transporter.
  1712 | Temple   | Found a transporter.
  1712 | Temple   | Found a transporter.
  1712 | Temple   | Entered the Ecumenical Temple
  1781 | Temple   | Became a worshipper of Vehumet
  2091 | D:6      | Reached skill level 5 in Spellcasting
  2091 | D:6      | Reached XP level 8. HP: 22/46 MP: 9/15
  2128 | D:4      | Bought an emerald ring for 125 gold pieces
  2336 | D:7      | Reached * piety under Vehumet
  2336 | D:7      | Offered knowledge of Kiss of Death by Vehumet.
  2418 | D:7      | Learned a level 4 spell: Sticky Flame
  2490 | D:7      | Reached skill level 1 in Fighting
  2490 | D:7      | Reached skill level 1 in Fire Magic
  2496 | D:7      | Found a broken altar of Ashenzari.
  2649 | D:8      | Noticed a wyvern
  2654 | D:8      | Killed a wyvern
  2655 | D:8      | Reached skill level 6 in Spellcasting
  2655 | D:8      | Reached XP level 9. HP: 54/54 MP: 7/18
  2793 | D:9      | Found Biepluuc's Book Shop.
  2801 | D:9      | Reached skill level 7 in Spellcasting
  2815 | D:9      | Reached skill level 8 in Spellcasting
  2828 | D:9      | Reached ** piety under Vehumet
  2828 | D:9      | Offered knowledge of Static Discharge by Vehumet.
  2850 | D:9      | Found a staircase to the Orcish Mines.
  2866 | Orc:1    | Entered Level 1 of the Orcish Mines
  2896 | Orc:1    | Noticed a troll
  3004 | Orc:1    | Killed a troll
  3005 | Orc:1    | Reached skill level 9 in Spellcasting
  3005 | Orc:1    | Reached XP level 10. HP: 60/63 MP: 6/23
  3088 | Orc:1    | Noticed a kobold blastminer
  3130 | Orc:1    | Killed a kobold blastminer
  3295 | Orc:1    | Reached skill level 10 in Spellcasting
  3571 | Orc:2    | Entered Level 2 of the Orcish Mines
  3700 | Orc:2    | Offered knowledge of Dazzling Flash by Vehumet.
  3707 | Orc:2    | Noticed a kobold blastminer
  3714 | Orc:2    | Noticed an orc knight
  3718 | Orc:2    | Reached *** piety under Vehumet
  3727 | Orc:2    | Killed an orc knight
  3728 | Orc:2    | Reached skill level 11 in Spellcasting
  3731 | Orc:2    | Noticed a kobold blastminer
  3739 | Orc:2    | Noticed a kobold blastminer
  3741 | Orc:2    | Noticed a two-headed ogre
  3743 | Orc:2    | Gained mutation: Your spells are a little harder to cast,
                  | but a little more powerful. [potion of mutation]
  3743 | Orc:2    | Gained mutation: You are covered in fur. (AC +1) [potion of
                  | mutation]
  3745 | Orc:2    | Killed a kobold blastminer
  3747 | Orc:2    | Killed a kobold blastminer
  3765 | Orc:2    | Killed a two-headed ogre
  3766 | Orc:2    | Reached skill level 12 in Spellcasting
  3766 | Orc:2    | Reached XP level 11. HP: 33/69 MP: 8/27
  3886 | Orc:2    | Learned a level 4 spell: Summon Blazeheart Golem
  3927 | Orc:2    | Reached skill level 1 in Summonings
  4193 | Orc:2    | Found a staircase to the Elven Halls.
  4328 | Orc:2    | Offered knowledge of Flame Wave by Vehumet.
  4380 | Orc:2    | Noticed an orc high priest
  4383 | Orc:2    | Noticed a sun demon
  4445 | Orc:2    | Noticed an orc sorcerer
  4490 | D:9      | Bought a Trismegistus Codex for 336 gold pieces
  4511 | Orc:1    | Learned a level 4 spell: Ignite Poison
  4537 | Orc:2    | Killed an orc sorcerer
  4572 | Orc:2    | Noticed an orc high priest
  4582 | Orc:2    | Killed an orc high priest
  4723 | Orc:2    | Reached **** piety under Vehumet
  4840 | Orc:2    | Offered knowledge of Fireball by Vehumet.
  4866 | Orc:2    | Noticed an orc high priest
  4869 | Orc:2    | Killed an orc high priest
  5017 | Orc:2    | Killed an orc high priest
  5057 | Orc:2    | Reached skill level 5 in Fighting
  5072 | Orc:2    | Found Ekups's General Store.
  5072 | Orc:2    | Found Ipata's Armour Shop.
  5073 | Orc:2    | Found Vixupio's General Store.
  5082 | Orc:2    | Found Ceon's Distillery.
  5106 | Orc:2    | Reached skill level 5 in Fire Magic
  5112 | Orc:2    | Noticed an orc sorcerer
  5128 | Orc:2    | Killed an orc sorcerer
  5573 | Orc:1    | Noticed an orc knight
  5575 | Orc:1    | Noticed an orc knight
  5579 | Orc:1    | Killed an orc knight
  5579 | Orc:1    | Reached ***** piety under Vehumet
  5581 | Orc:1    | Noticed an orc knight
  5585 | Orc:1    | Killed an orc knight
  5586 | Orc:1    | Reached XP level 12. HP: 75/78 MP: 17/28
  5590 | Orc:1    | Offered knowledge of Conjure Ball Lightning by Vehumet.
  5615 | Orc:1    | Reached skill level 5 in Dodging
  5752 | Orc:1    | Reached skill level 13 in Spellcasting
  6082 | D:9      | Noticed a two-headed ogre
  6087 | D:9      | Killed a two-headed ogre
  6109 | D:9      | Noticed a two-headed ogre
  6115 | D:9      | Killed a two-headed ogre
  6165 | D:9      | Identified the +4 arbalest "Jablixor" {freeze, rF+ rCorr
                  | Stlth-}
  6165 | D:9      | Noticed a centaur warrior
  6171 | D:9      | Shot with a bolt by a centaur warrior

Illustrated notes

Levels and vault maps discovered:
D:1:      kennysheep_arrival_seaside, layout_basic, serial_forest,
          infiniplex_forest_lined_3, infiniplex_forest_straight_1,
          infiniplex_forest_lined_corner, infiniplex_forest_straight_2
D:2:      layout_basic, item_on_display_a
D:3:      layout_rooms, mainiacjoe_overflow_catwalk, overflow_temple_1_default,
          hellmonk_ecumenical_altar_defaced_shrine, uniq_sigmund,
          uniq_crazy_yiuf_cottage, uniq_ijyb
D:4:      layout_cave_pools, elyvilon_altar_5, serial_shops,
          kennysheep_little_box, nicolae_shop_tiny_real_fake_doors,
          nicolae_shop_peninsula, shop, hangedman_decor_growths
D:5:      layout_basic, mainiacjoe_overflow_24_doors,
          nzn_hepliaklqana_mist_gate, nicolae_titane
D:6:      layout_cave_pools, minmay_temple_entry_antechambers
D:7:      layout_rooms, mainiacjoe_overflow_swirl, fountainhead,
          corexii_item_surrounded_by_moat
D:8:      layout_loops_cross, okawaru_ov_weapons_minmay
D:9:      minmay_the_grid_triangle_9x9_rhombus_thin_mashed
          [minmay_the_grid_triangle_9x9_pentomino_pain,
          minmay_the_grid_triangle_9x9_prize_schism,
          minmay_the_grid_triangle_9x9_zippers_vertical,
          minmay_the_grid_triangle_9x9_steps], layout_rooms, orc_0_dummy,
          serial_shops, nicolae_shop_statue_plus, uniq_erolcha
Temple:   hellmonk_temple_divided_pantheon
Orc:1:    layout_diamond_mine, basic_altar, special_room [special_room_orc],
          roderic_batcave
Orc:2:    st_orc_mages, layout_caves

Skill      XL: |  1  2  3  4  5  6  7  8  9 10 11 12 |
---------------+-------------------------------------+-----
Alchemy        | 4 5 6 7 8 9 |  9.3
Spellcasting   | 3 4 5 6 9 12 13 | 13.3
Fighting       | 2 3 4 5 7 |  7.2
Fire Magic     | 3 4 5 6 |  6.5
Summonings     | 4 |  4.0
Dodging        | 4 6 |  6.2
Stealth        | |  2.6
Conjurations   | |  1.0

Action                     |  1- 3 |  4- 6 |  7- 9 | 10-12 || total
---------------------------+-------+-------+-------+-------++-------
  Melee: Dagger            |    10 |       |     7 |       ||    17
         Constrict         |     9 |     4 |    11 |     9 ||    33
         Tentacles         |     2 |     2 |    10 |     7 ||    21
         Staff             |    15 |    17 |    27 |    22 ||    81
         Punch             |       |       |       |     2 ||     2
   Cast: Sting             |    35 |    32 |    62 |    58 ||   187
         Olgreb's Toxic Ra |       |     1 |    21 |   111 ||   133
         Sticky Flame      |       |       |     2 |     6 ||     8
         Ignite Poison     |       |       |       |    19 ||    19
         Summon Blazeheart |       |       |       |     3 ||     3
    Use: Potion            |       |       |     4 |     6 ||    10
         Scroll            |       |       |     7 |     5 ||    12
 Armour: Skin              |    16 |    16 |    49 |    95 ||   176
  Dodge: Dodged            |    22 |    22 |    47 |    79 ||   170

Table legend: (Time is in decaauts)
 A = Elapsed time spent in this place.
 B = Non-inter-level travel time spent in this place.
 C = Inter-level travel time spent in this place.
 D = Time resting spent in this place.
 E = Time spent auto-exploring this place.
 F = Levels seen in this place.
 G = Mean time per level.
                   A        B        C        D        E       F      G
               +--------+--------+--------+--------+--------+-----+--------+
         Total |   6171 |   5671 |    500 |   1275 |   2310 |  12 |  514.2 |
       Dungeon |   3010 |   2750 |    260 |     87 |   1510 |   9 |  334.4 |
        Temple |     30 |     21 |      9 |      0 |      0 |   1 |   30.0 |
  Orcish Mines |   3130 |   2899 |    231 |   1188 |    800 |   2 | 1565.0 |
               +--------+--------+--------+--------+--------+-----+--------+

Top non-repeatable levels by time:
   Orc:1: 1593 daAuts
   Orc:2: 1537 daAuts
     D:5: 872 daAuts
     D:4: 435 daAuts
     D:6: 421 daAuts
     D:7: 355 daAuts
     D:1: 299 daAuts
     D:9: 260 daAuts
     D:2: 158 daAuts
     D:8: 149 daAuts
     D:3: 57 daAuts
  Temple: 30 daAuts
